 Dungeon Crawl Stone Soup version 0.28.0-45-g0d030f2227 (webtiles) character file.

Game seed: 5935749581393968405

59231 MisterFreud the Black Belt (level 14, -4/121 HPs)
             Began as a Pale Draconian Transmuter on May 11, 2022.
             Was a Follower of Ru.
             Shot with an arrow by Nessos (9 damage)
             ... on level 6 of the Lair of Beasts.
             The game lasted 00:37:41 (24951 turns).

MisterFreud the Black Belt (DrTm)                  Turns: 24951, Time: 00:37:41

Health: -4/121     AC: 10    Str: 13    XL:     14   Next: 52%
Magic:  20/20      EV: 20    Int: 17    God:    Ru [*.....]
Gold:   1119       SH:  0    Dex: 13    Spells: 12/21 levels left

rFire   . . .      SeeInvis .     - Unarmed
rCold   . . .      Faith    .   n - orb {light}
rNeg    . . .      Spirit   .   (armour unavailable)
rPois   .          Reflect  .   O - +2 hat {Will+}
rElec   .          Harm     .   A - scarf {repulsion}
rCorr   .          Rampage  .   (no gloves)
Will    ++...                   (no boots)
Stlth   +.........              m - amulet of the acrobat
HPRegen 0.30/turn               q - +4 ring of evasion
MPRegen 0.17/turn               j - +4 ring of slaying

@: glowing, repel missiles
A: breathe steam, AC +8, unfitting armour, cold-blooded, hated by all, steam
resistance
a: Breathe Steam, Renounce Religion, Sacrifice Nimbleness, Sacrifice Words,
Sacrifice Essence, Reject Sacrifices


You were on level 6 of the Lair of Beasts.
You worshipped Ru.
Ru was aware of your devotion.
You visited 4 branches of the dungeon, and saw 20 of its levels.

You collected 1119 gold pieces.

Inventory:

Missiles
 g - 2 boomerangs
 w - a boomerang of dispersal
 E - 10 poisoned darts
 N - 13 javelins
Armour
 n - an orb of light (worn)
 A - a scarf of repulsion (worn)
 O - a +2 hat of willpower (worn)
Jewellery
 j - a +4 ring of slaying (right hand)
 m - an amulet of the acrobat (around neck)
 q - a +4 ring of evasion (left hand)
 r - a ring of ice
 s - a ring of willpower
 x - a +6 ring of dexterity
 y - a +6 ring of strength
 C - a ring of willpower
Wands
 e - a wand of charming (5)
 p - a wand of acid (9)
 t - a wand of flame (36)
 z - a wand of iceblast (16)
 B - a wand of polymorph (4)
 D - a wand of digging (12)
 P - a wand of paralysis (4)
Scrolls
 b - 4 scrolls of enchant armour
 c - 2 scrolls of magic mapping
 k - 5 scrolls of fog
 l - 11 scrolls of teleportation
 u - 2 scrolls of brand weapon
 F - 3 scrolls of amnesia
 G - 2 scrolls of blinking
 I - 4 scrolls of fear
 J - 2 scrolls of holy word
 M - 6 scrolls of identify
 S - a scroll of enchant weapon
Potions
 a - a potion of brilliance
 d - 5 potions of curing
 f - a potion of heal wounds
 h - 2 potions of ambrosia
 i - a potion of haste
 o - a potion of cancellation
 v - a potion of attraction
 K - a potion of mutation
 L - 3 potions of flight
 R - a potion of might
Miscellaneous
 H - a tin of tremorstones (2/2)
 Q - a phial of floods


   Skills:
 - Level 10.0 Fighting
 - Level 10.0 Dodging
 + Level 17.8 Unarmed Combat
 - Level 4.0 Spellcasting
 - Level 8.0 Transmutations
 - Level 4.0 Ice Magic
 - Level 10.0 Evocations


You had 12 spell levels left.
You knew the following spells:

 Your Spells              Type           Power      Damage    Failure   Level
a - Ice Form              Ice/Tmut       23%        N/A       13%         4
b - Wereblood             Tmut           30%        N/A       1%          2
c - Spider Form           Tmut/Pois      17%        N/A       9%          3

Your spell library contained the following spells:

 Spells                   Type           Power      Damage    Failure   Level
 Beastly Appendage        Tmut           60%        N/A       1%          1
 Ensorcelled Hibernation  Hex/Ice        20%        N/A       11%         2
 Magic Dart               Conj           12%        1d3       16%         1
 Corpse Rot               Necr/Air       6%         N/A       24%         2
 Sublimation of Blood     Necr           3%         N/A       24%         2
 Petrify                  Tmut/Erth      17%        N/A       30%         4
 Mephitic Cloud           Conj/Pois/Air  3%         N/A       43%         3
 Irradiate                Conj/Tmut      8%         3d16      63%         5
 Yara's Violent Unravell  Hex/Tmut       8%         3d5       63%         5
 Airstrike                Air            1%         N/A       83%         4
 Anguish                  Hex/Necr       1%         N/A       83%         4
 Dispel Undead            Necr           3%         3d7       83%         4
 Passage of Golubria      Tloc           3%         N/A       83%         4
 Lightning Bolt           Conj/Air       1%         1d12      99%         5
 Eringya's Noxious Bog    Tmut/Pois      8%         N/A       99%         6
 Summon Small Mammal      Summ           Unusable   N/A       N/A         1
 Call Imp                 Summ           Unusable   N/A       N/A         2
 Call Canine Familiar     Summ           Unusable   N/A       N/A         3
 Summon Guardian Golem    Hex/Summ       Unusable   N/A       N/A         3
 Tukima's Dance           Hex            Unusable   N/A       N/A         3
 Summon Lightning Spire   Summ/Air       Unusable   N/A       N/A         4
 Summon Forest            Summ/Tloc      Unusable   N/A       N/A         5
 Death Channel            Necr           Unusable   N/A       N/A         6
 Summon Hydra             Summ           Unusable   N/A       N/A         7

Dungeon Overview and Level Annotations

Branches:
Dungeon (12/15)            Temple (1/1) D:4            Lair (6/6) D:11
 Shoals (0/4) Lair:4       Spider (1/4) Lair:3        Slime (0/5) Lair:6
    Orc (0/2) D:9

Altars:
Ashenzari
Cheibriados
Dithmenos
Elyvilon
Fedhas
Gozag
Hepliaklqana
Kikubaaqudgha
Makhleb
Nemelex Xobeh
Okawaru
Qazlal
Ru
Sif Muna
Trog
Uskayaw
Vehumet
Wu Jian
Xom
Yredelemnul
Zin
The Shining One
Jiyva

Shops:
D:7 ([(   D:8 (

Annotations:
D:5 2 transporters, Menkaure
D:12 Maurice
Lair:6 Nessos


Innate Abilities, Weirdness & Mutations

You can breathe blasts of scalding, opaque steam.
Your pale cyan-grey scales are hard. (AC +8)
You cannot fit into any form of body armour.
You are cold-blooded and may be slowed by cold attacks.
You are hated by all.
You are immune to the effects of steam.


Message History

Your transformation is almost over.
Nessos the Markscentaur comes into view.
Nessos moves out of view.
You start resting.
Nessos is nearby!
Nessos shouts!
Nessos casts a spell.
Nessos seems to speed up.
Nessos wields a +2 longbow of flaming.
It bursts into flame!
Nessos shoots an arrow.
The arrow hits you!!
* * * LOW HITPOINT WARNING * * *
The arrow melts you.
* * * LOW HITPOINT WARNING * * *
You see here a cane toad corpse.
Blink to where?
Press: ? - help, Dir - move target
As you read the scroll of blinking, it crumbles to dust.
You warm up again.
Your scarf of repulsion unmelds from your body.
Your +2 hat of willpower unmelds from your body.
Your orb of light unmelds from your body.
You are surrounded by a repulsion field.
You feel strong-willed.
Nessos shoots an arrow.
The arrow is repelled.
Aiming: Iceblast
Press: ? - help, Shift-Dir - straight line, f - you
Okay, then.
Unknown command.
Unknown command.
You feel much better.
Nessos gestures wildly while chanting.
Nessos blinks!
Nessos mumbles some strange words.
Nessos blinks!
Aiming: Polymorph
Press: ? - help, Shift-Dir - straight line, f - Nessos
Aim: Nessos, wielding a +2 longbow of flaming, wearing a +0 barding and quivering arrows (fast, will become a komodo dragon, a redback, or a scorpion, chance to affect: 71%) Nessos struggles to resist.
Nessos shoots an arrow.
The arrow hits you!!
* * * LOW HITPOINT WARNING * * *
The arrow burns you!
You die...

#######..........................
###.##...........................
#....#...........................
P.....'..........................
....#......................[<....
.....##..........................
.....##..........................
.P...##..[.......................
#...#...........@......≈.≈...####
÷...........§.........≈≈≈P≈.≈≈ #
...÷............#≈.≈≈≈≈≈≈F≈≈≈≈≈ #
.........c......#..≈≈≈≈≈F≈≈P≈≈≈##
...............##.P≈≈≈≈≈≈≈≈≈P≈≈##
.........(.....# ≈≈≈≈≈≈≈≈≈≈≈≈≈##.
.#....#........# ≈≈≈≈≈≈≈≈≈≈≈≈≈.#.
##...###.§.....# ≈≈≈≈≈≈≈ #≈
.....#........## .≈


You could see Nessos (fast).

Vanquished Creatures
  Gastronok (Lair:2)
  A dire elephant (Lair:2)
  Snorg (Lair:6)
  2 boulder beetles
  5 hydras
  Erica (D:8)
  A catoblepas (Lair:4)
  A two-headed ogre (D:11)
  9 death yaks
  3 goliath frogs (Lair:6)
  A deep elf pyromancer (D:10)
  A deep elf zephyrmancer (D:10)
  An ugly thing (D:11)
  A manticore (D:11)
  7 black mambas
  10 elephants
  2 merfolk sirens (Lair:4)
  22 cane toads
  2 gargoyles (D:11)
  4 molten gargoyles (D:9)
  A torpor snail (Lair:5)
  8 komodo dragons
  6 rime drakes
  4 trolls
  3 polar bears
  A hornet (D:11)
  18 blink frogs
  13 dream sheep
  3 wraiths
  3 wyverns
  A shadow (D:10)
  35 yaks
  Grum (D:8)
  5 basilisks
  2 redbacks (Lair:3)
  A steam dragon (D:8)
  5 vampire mosquitoes
  19 water moccasins
  2 black bears
  A swamp drake (D:10)
  A sky beast (D:7)
  2 orc warriors (D:8)
  13 wolves
  2 centaurs
  3 ogres (D:5)
  A phantom (D:4)
  18 bullfrogs
  4 scorpions
  21 killer bees
  4 wights (D:8)
  7 howler monkeys
  A crimson imp (D:10)
  3 centaur zombies
  A hound (D:5)
  7 orc priests
  2 bullfrog skeletons
  3 jellies
  An iron imp (D:10)
  An iguana (D:5)
  14 orc wizards
  A killer bee zombie (D:6)
  3 howler monkey zombies
  Robin (D:2)
  9 adders
  4 gnolls (D:4)
  A shadow imp (D:10)
  2 white imps
  An ufetubus (D:5)
  A worm (D:2)
  A dart slug (D:1)
  38 orcs
  6 ball pythons
  2 endoplasms
  4 giant cockroaches
  9 hobgoblins
  3 kobolds
  6 quokkas
  5 bats
  3 frilled lizards (D:1)
  14 goblins
  A rat (D:3)
432 creatures vanquished.

Vanquished Creatures (others)
  A death yak (Lair:6)
  Urug (Lair:5)
  39 fungi
  102 plants
  2 withered plants (D:11)
145 creatures vanquished.

Grand Total: 577 creatures vanquished

Notes
Turn   | Place    | Note
-------+----------+-------------------------------------------
     0 | D:1      | MisterFreud the Draconian Transmuter began the quest for
                  | the Orb.
     0 | D:1      | Reached XP level 1. HP: 16/16 MP: 3/3
   334 | D:1      | Reached XP level 2. HP: 18/23 MP: 3/5
   444 | D:1      | You fall into a shaft and drop 1 floor!
   468 | D:2      | Noticed Robin
  1149 | D:2      | Reached XP level 3. HP: 27/28 MP: 6/6
  1152 | D:2      | Learned a level 2 spell: Wereblood
  1156 | D:2      | Learned a level 3 spell: Spider Form
  1626 | D:2      | Killed Robin
  2117 | D:3      | Reached XP level 4. HP: 35/35 MP: 5/7
  3105 | D:4      | Reached skill level 5 in Transmutations
  3575 | D:4      | Found a snail-covered altar of Cheibriados.
  3607 | D:4      | Found a staircase to the Ecumenical Temple.
  3626 | Temple   | Entered the Ecumenical Temple
  3923 | D:4      | Reached XP level 5. HP: 39/40 MP: 4/8
  4188 | D:4      | Noticed a phantom
  4211 | D:4      | Killed a phantom
  4815 | D:4      | Found a glowing golden altar of the Shining One.
  4853 | D:5      | Entered Level 5 of the Dungeon
  4877 | D:5      | Found a basalt altar of Yredelemnul.
  4880 | D:5      | Noticed a water moccasin
  4891 | D:5      | Killed a water moccasin
  4892 | D:5      | Reached skill level 4 in Unarmed Combat
  4892 | D:5      | Reached XP level 6. HP: 49/52 MP: 3/9
  4899 | D:5      | Learned a level 4 spell: Ice Form
  4950 | D:5      | Noticed Menkaure
  4954 | D:5      | Found an ancient bone altar of Kikubaaqudgha.
  4973 | D:5      | Reached skill level 5 in Unarmed Combat
  4973 | D:5      | Your scales start taking on a pale cyan-grey colour.
  4973 | D:5      | Reached XP level 7. HP: 30/59 MP: 7/10
  4973 | D:5      | Gained mutation: You are immune to the effects of steam.
                  | [Pale Draconian growth]
  5127 | D:5      | Reached skill level 6 in Unarmed Combat
  5421 | D:5      | Reached XP level 8. HP: 66/66 MP: 11/11
  5593 | D:5      | Found a transporter.
  5607 | D:5      | Found a transporter.
  5726 | D:6      | Reached skill level 5 in Dodging
  6080 | D:6      | Found a broken altar of Ashenzari.
  6620 | D:7      | Reached XP level 9. HP: 71/71 MP: 12/12
  6788 | D:7      | Found Biehiz's Weapon Shoppe.
  6901 | D:7      | Found Xoreun's Weapon Shop.
  7048 | D:7      | Found Gijat's Armour Boutique.
  7449 | D:8      | Reached skill level 5 in Fighting
  7628 | D:8      | Found Vaijeir's Weapon Shop.
  7643 | D:8      | Reached skill level 7 in Unarmed Combat
  7649 | D:8      | Noticed Grum
  7706 | D:9      | Noticed a molten gargoyle
  7708 | D:9      | Noticed a molten gargoyle
  7709 | D:9      | Noticed a molten gargoyle
  7711 | D:9      | HP: 1/75 [molten gargoyle/bolt of magma (15)]
  7988 | D:8      | Killed Grum
  8433 | D:8      | Noticed Erica
  8443 | D:8      | Killed Erica
  8444 | D:8      | Reached skill level 8 in Unarmed Combat
  8444 | D:8      | Reached XP level 10. HP: 79/88 MP: 9/13
  8816 | D:9      | Found a staircase to the Orcish Mines.
  8992 | D:9      | Killed a molten gargoyle
  9454 | D:9      | Killed a molten gargoyle
  9476 | D:9      | Killed a molten gargoyle
  9611 | D:9      | Noticed a molten gargoyle
  9628 | D:9      | Killed a molten gargoyle
  9757 | D:10     | Entered Level 10 of the Dungeon
 10227 | D:9      | Found a sacrificial altar of Ru.
 10269 | D:9      | Became a worshipper of Ru the Awakened
 10282 | D:9      | Reached skill level 1 in Evocations
 10651 | D:10     | Reached XP level 11. HP: 94/94 MP: 12/17
 10659 | D:10     | Reached skill level 5 in Evocations
 11194 | D:10     | Reached skill level 9 in Unarmed Combat
 11304 | D:10     | Noticed a deep elf zephyrmancer
 11308 | D:10     | Killed a deep elf zephyrmancer
 11471 | D:10     | Noticed a deep elf pyromancer
 11476 | D:10     | Killed a deep elf pyromancer
 11710 | D:10     | Gained mutation: You are hated by all. [Ru sacrifice]
 11710 | D:10     | Reached * piety under Ru
 11712 | D:10     | Found a burning altar of Makhleb.
 11713 | D:10     | Found a hide-covered altar of Uskayaw.
 12135 | D:11     | Noticed a boulder beetle
 12153 | D:11     | Killed a boulder beetle
 12154 | D:11     | Reached skill level 10 in Unarmed Combat
 12440 | D:11     | Noticed a purple ugly thing
 12461 | D:11     | Killed a purple ugly thing
 12709 | D:11     | Found a staircase to the Lair.
 12758 | D:11     | Reached skill level 11 in Unarmed Combat
 12822 | D:11     | Noticed a two-headed ogre
 12860 | D:11     | Killed a two-headed ogre
 13083 | D:11     | Noticed a seven-headed hydra
 13101 | D:11     | Killed a seven-headed hydra
 13265 | D:11     | Reached skill level 12 in Unarmed Combat
 13558 | D:11     | Found an ancient bone altar of Kikubaaqudgha.
 13768 | D:12     | Noticed Maurice
 13786 | Lair:1   | Entered Level 1 of the Lair of Beasts
 14418 | Lair:1   | Reached XP level 12. HP: 80/105 MP: 14/18
 14751 | Lair:1   | Reached skill level 10 in Fighting
 15849 | Lair:2   | HP: 6/127 [wolf (5)]
 15852 | Lair:2   | HP: 1/127 [wolf (8)]
 16428 | Lair:2   | Noticed Gastronok
 16458 | Lair:2   | Killed Gastronok
 16485 | Lair:2   | Noticed an eight-headed hydra
 16561 | Lair:2   | Noticed a dire elephant
 16575 | Lair:2   | Killed a dire elephant
 16825 | Lair:2   | Killed an eight-headed hydra
 17331 | Lair:3   | Noticed a boulder beetle
 17809 | Lair:3   | Reached skill level 10 in Dodging
 17878 | Lair:3   | Found the +8 whip "Snakebite" {venom, curare, rPois}
 18029 | Lair:3   | Reached skill level 10 in Evocations
 18029 | Lair:3   | Reached XP level 13. HP: 62/113 MP: 17/19
 18314 | Lair:3   | Found a hole to the Spider Nest.
 19106 | Spider:1 | Entered Level 1 of the Spider Nest
 19106 | Spider:1 | Noticed an entropy weaver
 19334 | Lair:4   | Reached skill level 13 in Unarmed Combat
 19987 | Lair:4   | Found a staircase to the Shoals.
 20203 | Lair:4   | Reached skill level 14 in Unarmed Combat
 21248 | Lair:5   | Reached skill level 15 in Unarmed Combat
 21851 | Lair:6   | Entered Level 6 of the Lair of Beasts
 22459 | Lair:6   | Noticed Urug
 22879 | Lair:6   | Found a staircase to the Slime Pits.
 23153 | Lair:5   | Reached skill level 16 in Unarmed Combat
 23153 | Lair:5   | Reached XP level 14. HP: 111/121 MP: 15/20
 23157 | Lair:5   | Killed Urug
 24093 | Lair:6   | Reached skill level 17 in Unarmed Combat
 24174 | Lair:6   | Noticed Snorg
 24184 | Lair:6   | Killed Snorg
 24940 | Lair:6   | Noticed Nessos
 24951 | Lair:6   | HP: 5/121 [Nessos/arrow (27)]
 24951 | Lair:6   | Shot with an arrow by Nessos

Illustrated notes

Levels and vault maps discovered:
D:1:      dpeg_arrival_long_road, layout_basic
D:2:      layout_basic, uniq_robin
D:3:      layout_loops_ring, grunt_ministairs_10
D:4:      layout_basic, kennysheep_mini_moat, mainiacjoe_overflow_paths,
          temple_green
D:5:      layout_cave_pools, gammafunk_temple_of_torment
D:6:      layout_basic, ashenzari_conservatory_becter, minmay_tree_intersection,
          hangedman_abyss_or_decor_stabs, minmay_fractal_squares_5
D:7:      layout_loops_ring, serial_shops, shop, nicolae_diamond_shop,
          nicolae_shop_bloodbath_and_beyond, minmay_misc_feat_columns,
          st_stairs_8
D:8:      layout_rooms, serial_shops, shop, uniq_grum, uniq_erica
D:9:      layout_gridville, nicolae_overflow_crystal_walls, minivault_8
D:10:     layout_small_grid, mainiacjoe_overflow_divided_tiny,
          hangedman_minor_magic
D:11:     layout_stronghold, lair_entry_dummy, kiku_gazebo_garden_becter
D:12:     layout_cross, lemuel_nasty_fountain, uniq_jorgrun, uniq_maurice
Temple:   minmay_temple_curvy_branch
Lair:1:   layout_layer_cave, serial_bayou_shore_b
Lair:2:   layout_chaotic_city, nicolae_lair_grazing_beasts
          [nicolae_sub_lair_graze_edge, nicolae_sub_lair_graze_edge,
          nicolae_sub_lair_graze_edge, nicolae_sub_lair_graze_edge],
          infiniplex_staircase_pool_2, uniq_gastronok
Lair:3:   minmay_guarded_unrand_snakebite, layout_loops_ring,
          spider_nest_entry_webs, serial_bayou_shore_a, grunt_megastairs_5
Lair:4:   layout_cave_shapes, elwin_shoals_entry_rooms, grunt_megastairs_3
Lair:5:   layout_hall_layers
Lair:6:   minmay_lair_end_frog_pond, layout_regular_city, slime_altar_1,
          uniq_urug, uniq_snorg, uniq_nessos
Spider:1: layout_spider_delve, ebering_ghost_inner_flame, hive_lemuel

Skill      XL: |  1  2  3  4  5  6  7  8  9 10 11 12 13 14 |
---------------+-------------------------------------------+-----
Transmutations | 3 4 5 6 8 |  8.0
Fighting       | 3 4 7 8 9 10 | 10.0
Unarmed Combat | 4 5 6 8 12 16 17 | 17.8
Dodging        | 4 6 8 10 | 10.0
Ice Magic      | 3 4 |  4.0
Spellcasting   | 4 |  4.0
Evocations     | 4 5 10 | 10.0

Action                   |  1- 3 |  4- 6 |  7- 9 | 10-12 | 13-15 || total
-------------------------+-------+-------+-------+-------+-------++-------
Melee: Unarmed           |   129 |   129 |   128 |   415 |   436 ||  1237
       Kick              |     5 |     5 |       |       |       ||    10
       Headbutt          |     4 |     7 |       |       |       ||    11
       Tailslap          |    17 |     9 |    16 |    16 |    11 ||    69
       Punch             |     5 |     1 |       |       |       ||     6
 Cast: Beastly Appendage |    11 |    13 |       |       |       ||    24
       Spider Form       |     1 |     8 |     3 |     3 |     2 ||    17
       Ice Form          |       |       |     4 |    38 |    36 ||    78
Invok: Sacrifice Love    |       |       |       |     1 |       ||     1
       Reject Sacrifices |       |       |       |     1 |       ||     1
 Abil: Breathe Steam     |       |       |    42 |    47 |    22 ||   111
       End Transformatio |       |       |     1 |     1 |     1 ||     3
Evoke: Wand              |       |       |       |       |     1 ||     1
  Use: Scroll            |       |    12 |    10 |     6 |     1 ||    29
       Potion            |       |       |     1 |     6 |     1 ||     8
 Stab: Distracted        |     1 |       |       |       |     1 ||     2
       Sleeping          |     4 |       |       |       |       ||     4
Armor: Skin              |    43 |    18 |    27 |    81 |    51 ||   220
Dodge: Dodged            |    86 |    88 |   124 |   434 |   289 ||  1021
       Repelled          |       |       |       |       |     2 ||     2
